Map: Dasan Station LE

Players

Elazer - Winner!

  • Race: Zerg Zerg

iAsonu

  • Race: Zerg Zerg

Event: 2016 WCS Summer Circuit Championship (DH Montreal)

VOD

Have the link to the VOD?

Description

Time

  • Played on: Aug. 12, 2016, 8:09 p.m.
  • Length: 6:57

All games in this series

Show
View Real Time Build Order
Export as new Build Order

Elazer Zerg - Winner!

Build Orders: Pool First 

Get SALT Encoding   

  12  0:00  Drone  
  13  0:12  Overlord  
  13  0:17  Drone  
  14  0:30  Drone x2  
  14  0:34  Drone  
  17  0:44  Spawning Pool  
  17  0:47  Drone  
  17  1:07  Hatchery  
  17  1:10  Drone  
  17  1:12  Extractor  
  17  1:15  Drone  
  17  1:21  Drone  
  18  1:31  Queen  
  18  1:32  Drone  
  21  1:42  Overlord  
  21  1:51  Roach Warren  
  20  1:54  Drone  
  21  2:07  Queen  
  23  2:16  Drone  
  23  2:18  Drone  
  23  2:20  Metabolic Boost  
  25  2:26  Zergling x2  
  26  2:30  Roach  
  26  2:34  Zergling x4  
  30  2:38  Zergling x4  
  30  2:40  Zergling x2  
  30  2:42  Zergling x2  
  34  2:48  Overlord  
  34  2:51  Ravager  
  34  2:55  Zergling x2  
  36  2:59  Overlord  
  36  3:06  Extractor  
  36  3:09  Zergling x4  
  37  3:14  Zergling x2  
  37  3:15  Zergling x6  
  41  3:21  Roach x2  
  41  3:25  Overlord  
  45  3:32  Roach x2  
  48  3:38  Roach  
  50  3:44  Overlord  
  50  3:48  Drone x2  
  50  3:49  Drone  
  50  3:50  Drone  
  54  3:57  Roach  
  56  4:04  Roach x2  
  56  4:09  Roach  
  59  4:11  Roach  
  61  4:20  Roach  
  61  4:21  Roach  
  61  4:24  Roach  
  67  4:26  Overlord  
  67  4:42  Zergling x2  
  67  4:43  Zergling x12  
  65  4:49  Ravager  
  65  4:50  Zergling x4  
  60  4:55  Zergling x6  
  54  5:00  Roach x2  
  58  5:07  Roach x2  
  58  5:10  Roach  
  58  5:13  Roach  
  66  5:15  Ravager  
  66  5:21  Roach  
  69  5:25  Roach x2  
  72  5:29  Overlord  
  72  5:34  Roach  
  73  5:43  Overlord  
  73  5:44  Roach  
  73  5:48  Overlord  
  75  5:52  Roach  
  75  5:53  Roach  
  77  5:58  Roach  
  77  6:01  Overlord  
  79  6:06  Roach  
  79  6:09  Roach  
  85  6:11  Roach  
  85  6:15  Roach  
  87  6:20  Roach  
  88  6:28  Zergling x8  
  89  6:39  Zergling x8  
  88  6:40  Zergling x2  
  76  6:55  Ravager  
  76  6:56  Ravager x2  
Show
View Real Time Build Order
Export as new Build Order

iAsonu Zerg 

Build Orders: Pool First 

Get SALT Encoding   

  12  0:01  Drone  
  13  0:13  Overlord  
  13  0:17  Drone  
  14  0:31  Drone  
  14  0:32  Drone  
  16  0:36  Drone  
  17  0:45  Extractor  
  17  0:46  Spawning Pool  
  17  0:49  Drone  
  16  0:56  Drone  
  17  1:09  Drone  
  18  1:18  Hatchery  
  17  1:22  Drone  
  18  1:32  Queen  
  18  1:35  Drone  
  21  1:46  Metabolic Boost  
  21  1:50  Overlord  
  21  1:55  Zergling x2  
  22  2:11  Drone  
  22  2:12  Queen  
  25  2:16  Roach Warren  
  25  2:19  Zergling x2  
  25  2:28  Zergling x2  
  26  2:31  Zergling x2  
  27  2:40  Overlord  
  27  2:44  Zergling x2  
  27  2:48  Zergling x4  
  30  2:52  Overlord  
  30  2:56  Zergling x2  
  31  2:59  Zergling x2  
  31  3:01  Roach  
  34  3:06  Roach  
  34  3:12  Roach  
  38  3:15  Roach  
  40  3:24  Overlord  
  40  3:25  Roach x2  
  41  3:37  Roach x2  
  44  3:49  Roach  
  46  3:58  Roach  
  48  4:08  Roach  
  50  4:11  Drone  
  50  4:12  Drone  
  50  4:16  Roach  
  50  4:26  Roach x2  
  50  4:29  Overlord  
  54  4:33  Roach  
  56  4:41  Roach x2  
  51  4:49  Zergling x2  
  45  4:55  Roach  
  41  5:03  Roach  
  41  5:06  Drone  
  44  5:08  Drone  
  45  5:15  Drone  
  45  5:17  Roach  
  48  5:21  Drone  
  48  5:27  Roach  
  51  5:34  Drone x3  
  54  5:40  Roach x2  
  58  5:45  Overlord  
  58  5:49  Roach  
  60  5:59  Overlord  
  60  6:02  Roach x2  
  64  6:18  Hatchery  
  64  6:21  Roach x2  
  66  6:26  Roach, Zergling x4  
  66  6:30  Zergling x2  
Tags
 
Add a new tag
Caveats
  • Supply blocks, unpowered buildings, or Contaminate may cause inaccurate times.
  • Supply counts are checked every 10 seconds.